 Dungeon Crawl Stone Soup version 0.25-a0-317-g5f8687bca5 (webtiles) character file.

Game seed: 7109625129118144002, levelgen mode: deterministic

4048 fgjungo the Bludgeoner (level 10, -15/80 HPs)
             Began as a Minotaur Fighter on Dec 27, 2019.
             Killed from afar by a gnoll sergeant (33 damage)
             ... with an exploding inner flame
             ... hexed by the player character
             ... on level 8 of the Dungeon.
             The game lasted 00:21:31 (8807 turns).

fgjungo the Bludgeoner (Minotaur Fighter)           Turns: 8807, Time: 00:21:31

Health: -15/80     AC: 10    Str: 28 (29) XL:     10   Next: 4%
Magic:  9/9        EV: 11    Int:  3 (5)  God:
Gold:   351        SH: 15    Dex: 17 (18) Spells: 9/9 levels left

rFire    . . .     SeeInvis .   a - +0 flail
rCold    + . .     Gourm    .   c - +0 shield
rNeg     . . .     Faith    +   j - -2 chain mail
rPois    .         Spirit   .   (helmet restricted)
rElec    .         Reflect  .   (no cloak)
rCorr    .         Harm     .   (no gloves)
MR       .....                  q - +0 pair of boots
Stlth    ..........             i - amulet of faith
HPRegen  0.23/turn              E - +3 ring of dexterity
MPRegen  0.11/turn              m - ring of protection from cold

@: mighty, agile
A: retaliatory headbutt, claws 1, horns 2, large bone plates 1, slimy green
scales 1, mutation resistance 1
a: no special abilities


You were on level 8 of the Dungeon.
You were not hungry.

You visited 1 branch of the dungeon, and saw 8 of its levels.

You collected 351 gold pieces.

Inventory:

Hand Weapons
 a - a +0 flail (weapon)
 y - a +6 dire flail
Armour
 b - a +1 scale mail
 c - a +0 shield (worn)
 j - a -2 chain mail (worn)
 q - a +0 pair of boots (worn)
Jewellery
 i - an amulet of faith (around neck)
 m - a ring of protection from cold (right claw)
 E - a +3 ring of dexterity (left claw)
Wands
 r - a wand of flame (20)
 u - a wand of digging (4)
 v - a wand of polymorph (10)
 w - a wand of random effects (9)
Scrolls
 e - 4 scrolls of remove curse
 g - 3 scrolls of enchant armour
 h - 8 scrolls of identify
 n - 3 scrolls of teleportation
 o - 3 scrolls of noise
 s - a scroll of enchant weapon
Potions
 d - a potion of might
 k - 2 potions of flight
 t - a potion of degeneration
 A - a potion of lignification
Comestibles
 f - 2 rations


   Skills:
 - Level 4.6 Fighting
 * Level 15.7 Maces & Flails
 - Level 4.4 Armour
 - Level 0.6 Dodging
 - Level 4.5 Shields


You had 9 spell levels left.
You didn't know any spells.
Your spell library was empty.

Dungeon Overview and Level Annotations

Branches:
Dungeon (8/15)             Temple (0/1) D:4
   Lair: D:8-11

Altars:
Ashenzari
Dithmenos
Ru
Yredelemnul


Innate Abilities, Weirdness & Mutations

You reflexively headbutt those who attack you in melee.
You have a pair of horns on your head.
You have sharp fingernails.
You are partially covered in large bone plates. (SH +4)
You are partially covered in slimy green scales. (AC +2)
You are somewhat resistant to further mutation.


Message History

The gnoll sergeant hits you but does no damage.
As you read the scroll labeled YTUITA WIAR, it crumbles to dust.
Your brain hurts!
It was a scroll of random uselessness.
The gnoll sergeant hits you but does no damage.
Okay, then.
You feel very mighty all of a sudden. You block the gnoll sergeant's attack.
You feel agile all of a sudden. You block the gnoll sergeant's attack.
You block the gnoll sergeant's attack.
Items here: ))) [[[ ÷ †† You closely miss the gnoll sergeant.
Flame seeps out of the gnoll sergeant.
You headbutt the gnoll sergeant!
The gnoll sergeant is heavily wounded.
The gnoll sergeant is engulfed in blazing flames.
Flame seeps out of the gnoll sergeant.
You block the gnoll sergeant's attack.
You thump the gnoll sergeant!
The gnoll sergeant explodes!
The fiery explosion engulfs you!!
You die...

* #..#### #......).....# *
#.....###### #.......######
#...#.##...# #..z.g(.#
##...#.##...# #....(..#
#..>.#.##...# #...(...#
#.#.##.##...# #..(....#
####.#.##.##...# #.(.)...#
.....#....##...####.(.....#
###########....'@○z.......#
...#....#<#..÷.####.#######
.#+#.##.#.#....# #.#
......#.#.#.#### #.#
......#.#.#.# #.#
......#.#.#.# #.#
......#.#...# #.#
......#.####### #.#
.....##.......# #.#


You could see a wight (inner flame).

Vanquished Creatures
  Pikel (D:5)
  3 hippogriffs
  2 orc warriors
  An ice beast (D:4)
  3 slaves (D:5)
  A sky beast (D:8)
  3 ogres
  3 centaurs
  Blork the orc (D:6)
  3 bullfrogs
  11 killer bees
  7 wights
  3 crimson imps
  A bullfrog zombie (D:8)
  A centaur zombie (D:5)
  4 hounds
  4 orc priests
  7 orc wizards
  A centaur skeleton (D:8)
  3 iguanas
  6 worker ants
  Ijyb (D:5)
  A hound skeleton (D:2)
  A worker ant zombie (D:7)
  10 adders
  2 shadow imps (D:6)
  2 oozes (D:3)
  3 adder skeletons
  An adder zombie (D:5)
  3 worms
  3 dart slugs (D:1)
  8 leopard geckos
  14 orcs
  2 ball pythons
  8 giant cockroaches
  6 goblins
  6 hobgoblins
  6 jackals
  6 quokkas
  12 bats
  10 frilled lizards
  A jackal skeleton (D:5)
  A jackal zombie (D:6)
  3 kobolds
  A leopard gecko zombie (D:8)
  3 quokka skeletons
  11 rats
  A spectral orc (D:4)
195 creatures vanquished.

Notes
Turn   | Place    | Note
-------+----------+-------------------------------------------
     0 | D:1      | fgjungo the Minotaur Fighter began the quest for the Orb.
     0 | D:1      | Reached XP level 1. HP: 19/19 MP: 0/0
   200 | D:1      | Reached XP level 2. HP: 27/27 MP: 1/1
   593 | D:1      | Reached XP level 3. HP: 33/33 MP: 2/2
   738 | D:2      | Reached skill level 3 in Maces & Flails
   818 | D:2      | Found a shattered altar of Ashenzari.
  1185 | D:2      | Reached XP level 4. HP: 39/40 MP: 3/3
  1904 | D:3      | Reached skill level 4 in Maces & Flails
  1904 | D:3      | Reached XP level 5. HP: 46/47 MP: 4/4
  2088 | D:3      | Reached skill level 5 in Maces & Flails
  2365 | D:4      | Found a staircase to the Ecumenical Temple.
  2367 | D:4      | Noticed an ogre
  2765 | D:4      | Noticed an ice beast
  2789 | D:4      | Reached skill level 6 in Maces & Flails
  2789 | D:4      | Reached XP level 6. HP: 21/53 MP: 5/5
  3285 | D:4      | Reached skill level 7 in Maces & Flails
  3292 | D:4      | Killed an ice beast
  3352 | D:4      | Reached XP level 7. HP: 60/60 MP: 6/6
  3360 | D:4      | Found a sacrificial altar of Ru.
  3368 | D:4      | Reached skill level 8 in Maces & Flails
  3831 | D:4      | Found a basalt altar of Yredelemnul.
  4152 | D:5      | Entered Level 5 of the Dungeon
  4157 | D:5      | Noticed Ijyb
  4183 | D:5      | Killed Ijyb
  4442 | D:5      | Reached skill level 9 in Maces & Flails
  4544 | D:5      | Noticed Pikel
  4559 | D:5      | Killed Pikel
  4559 | D:5      | Reached skill level 10 in Maces & Flails
  4559 | D:5      | Reached XP level 8. HP: 43/67 MP: 7/7
  4911 | D:6      | Reached skill level 11 in Maces & Flails
  5393 | D:6      | Reached skill level 12 in Maces & Flails
  5565 | D:6      | Noticed Blork the orc
  5572 | D:6      | Killed Blork the orc
  5965 | D:6      | Reached XP level 9. HP: 54/72 MP: 8/8
  6290 | D:7      | Reached skill level 13 in Maces & Flails
  6393 | D:7      | Found a shadowy altar of Dithmenos.
  6674 | D:7      | Reached skill level 14 in Maces & Flails
  8055 | D:8      | Reached skill level 15 in Maces & Flails
  8761 | D:8      | Reached XP level 10. HP: 39/80 MP: 9/9
  8762 | D:8      | Gained mutation: You are clumsy. (Dex -2) [potion of
                  | mutation]
  8762 | D:8      | Gained mutation: You have large cloven feet. [potion of
                  | mutation]
  8762 | D:8      | Gained mutation: You are partially covered in large bone
                  | plates. (SH +4) [potion of mutation]
  8789 | D:8      | Lost mutation: You are clumsy. (Dex -2) [potion of
                  | mutation]
  8789 | D:8      | Gained mutation: Your flesh is cold resistant. (rC+)
                  | [potion of mutation]
  8789 | D:8      | Gained mutation: You evolve. [potion of mutation]
  8789 | D:8      | Gained mutation: You are partially covered in slimy green
                  | scales. (AC +2) [potion of mutation]
  8790 | D:8      | Lost mutation: You evolve. [potion of mutation]
  8790 | D:8      | Lost mutation: Your flesh is cold resistant. (rC+) [potion
                  | of mutation]
  8790 | D:8      | Lost mutation: You have large cloven feet. [potion of
                  | mutation]
  8790 | D:8      | Gained mutation: You have sharp fingernails. [potion of
                  | mutation]
  8790 | D:8      | Gained mutation: You are somewhat resistant to further
                  | mutation. [potion of mutation]
  8807 | D:8      | Killed from afar by a gnoll sergeant

Levels and vault maps discovered:
D:1:      giann_bridges, layout_basic
D:2:      lemuel_upstairs_altar, layout_basic, evilmike_ruin_ashenzari,
          first_ration
D:3:      layout_basic
D:4:      layout_rooms, tgw_sif, nicolae_ru_great_annihilating_truth,
          yredelemnul_forgotten_temple_becter,
          minmay_temple_entry_statues_fountains, nrook_uturn
D:5:      layout_cave_pools, uniq_pikel, uniq_ijyb
D:6:      layout_loops_ring, serial_glass, glass_columns_c, glass_columns_c,
          due_unseen_surprise, minmay_strange_pillars, minmay_strange_pillars,
          hangedman_decor_lopped, uniq_blork_the_orc
D:7:      layout_gridville, kennysheep_mini, basic_altar
D:8:      layout_basic

Skill      XL: |  1  2  3  4  5  6  7  8  9 |
---------------+----------------------------+-----
Fighting       | 4 |  4.6
Armour         | 4 |  4.4
Shields        | 4 |  4.5
Maces & Flails | 3 4 6 7 10 12 15 | 15.7
Dodging        | |  0.6

Action                   |  1- 3 |  4- 6 |  7- 9 | 10-12 || total
-------------------------+-------+-------+-------+-------++-------
Melee: Flail             |   117 |   126 |   392 |    24 ||   659
       Headbutt          |    13 |    28 |    82 |     1 ||   124
Evoke: Wand              |       |       |     1 |       ||     1
  Use: Potion            |       |     6 |     1 |     7 ||    14
       Scroll            |       |     3 |     1 |     8 ||    12
 Stab: Paralysed         |       |       |     1 |       ||     1
  Eat: Chunk             |       |     4 |     2 |       ||     6
       Ration            |       |     1 |     5 |       ||     6
Armor: Scale mail        |    17 |       |       |       ||    17
       Chain mail        |    58 |    52 |   145 |     3 ||   258
       Skin              |       |       |       |    13 ||    13
Dodge: Dodged            |    27 |    33 |    72 |     3 ||   135
Block: Shield            |    78 |    73 |   164 |    16 ||   331

Table legend:
 A = Non-vault XP
 B = Vault XP
 C = Vault XP percentage of total XP
 D = Non-vault monster count
 E = Vault monster count
 F = Vault count percentage of total count
                 A         B        C        D         E       F
            +---------+---------+-------+---------+---------+-------
      Total |    4965 |     818 |  14.1 |     184 |       8 |   4.2
            +---------+---------+-------+---------+---------+-------
        D:1 |      43 |       0 |   0.0 |      22 |       0 |   0.0
        D:2 |      95 |       0 |   0.0 |      28 |       0 |   0.0
        D:3 |     249 |       0 |   0.0 |      25 |       0 |   0.0
        D:4 |     478 |      45 |   8.6 |      15 |       5 |  25.0
        D:5 |     153 |     677 |  81.6 |       8 |       2 |  20.0
        D:6 |    1022 |      96 |   8.6 |      25 |       1 |   3.8
        D:7 |    1355 |       0 |   0.0 |      24 |       0 |   0.0
        D:8 |    1570 |       0 |   0.0 |      37 |       0 |   0.0
            +---------+---------+-------+---------+---------+-------
